 Dungeon Crawl Stone Soup version 0.21.1-1-g345015f (webtiles) character file.

17 inc the Scratcher (level 2, -1/13 HPs)
             Began as a Felid Transmuter on June 10, 2018.
             Slain by a goblin
             ... wielding a cursed -2 dagger
              (4 damage)
             ... on level 1 of the Dungeon.
             The game lasted 00:00:28 (338 turns).

inc the Scratcher (Felid Transmuter)                 Turns: 338, Time: 00:00:28

Health: -1/13      AC:  1    Str:  6    XL:     2   Next: 44%
Magic:  5/6        EV: 18    Int: 14    God:
Gold:   0          SH:  0    Dex: 16    Spells: 4/5 levels left
                                        Lives:  0   Deaths: 0

rFire    . . .     SeeInvis +     - Unarmed
rCold    . . .     Gourm    .   (shield unavailable)
rNeg     . . .     Faith    .   (armour unavailable)
rPois    .         Spirit   .   (helmet unavailable)
rElec    .         Reflect  .   (cloak unavailable)
rCorr    .         Harm     .   (gloves unavailable)
MR       .....                  (boots unavailable)
Stlth    ++........             (no amulet)
HPRegen  0.04/turn              (no ring)
MPRegen  0.10/turn              (no ring)

@: appendage, quick
A: very small, no armour, no weapons or thrown items, stealth, claws 1, fangs 3,
horns 2, see invisible, carnivore, speed 1, shaggy fur 1, slow metabolism 1,
sharp paws
a: End Transformation


You were on level 1 of the Dungeon.
You were not hungry.
You had grown temporary horns.
You visited 1 branch of the dungeon, and saw 1 of its levels.

Inventory:

Missiles
 a - 12 arrows
Scrolls
 d - a scroll of identify {unknown}
 e - a scroll of teleportation {unknown}
Books
 b - a book of Changes

   Spells                             Type                      Level
   a - Beastly Appendage              Transmutation                1
   b - Sticks to Snakes               Transmutation                2
   c - Spider Form                    Transmutation/Poison         3
   d - Ice Form                       Ice/Transmutation            4
   e - Blade Hands                    Transmutation                5
Comestibles
 c - 2 rations


   Skills:
 + Level 2.5 Fighting
 - Level 2.6 Dodging
 - Level 3.0 Unarmed Combat
 - Level 2.0 Spellcasting
 - Level 2.1 Transmutations


You had 4 spell levels left.
You knew the following spells:

 Your Spells              Type           Power        Failure   Level  Hunger
a - Beastly Appendage     Tmut           #.....       10%         1    ##.....


Dungeon Overview and Level Annotations

Branches:
Dungeon (1/15)

Altars:


Innate Abilities, Weirdness & Mutations

You cannot wear armour.
You are incapable of wielding weapons or throwing items.
Your paws allow you to move quietly. (Stealth)
You have sharp claws.
You have razor-sharp teeth.
You have supernaturally acute eyesight. (SInv)
You are carnivorous and can eat meat at any time.
You cover ground quickly.
You are covered in fur. (AC +1)
You have a slow metabolism.
Your sharp claws are effective at attacking unaware monsters.
You have a pair of horns on your head.


Message History

The giant cockroach closely misses you. The kobold barely misses you.
You are too injured to fight recklessly!
You are too injured to fight recklessly!
Your horns disappear.
You scratch the kobold.
You kill the kobold!
You scratch the giant cockroach.
You kill the giant cockroach!
The goblin barely misses you.
Things that are here:
a short sword; a giant cockroach corpse You closely miss the goblin.
Your bite misses the goblin.
The goblin hits you with an enchanted dagger.
* * * LOW HITPOINT WARNING * * *
The goblin misses you.
Casting: Beastly Appendage
Confirm with . or Enter, or press ? or * to list all spells.
You grow a pair of large bovine horns.
The goblin hits you with an enchanted dagger.
You die...

≈≈≈.....≈≈≈≈≈≈≈ #.#
≈≈≈≈≈.≈≈≈≈≈≈≈≈≈ #.#
P.♣P≈.≈.P♣P♣P♣♣ #.#
PPP.≈.≈P♣P♣P♣.P #.#
≈≈≈≈≈.≈≈≈≈≈≈≈≈≈
#.####
#####'#########
##....# #.....#...(.#
#.....#
#.....#...#.###.....#
#.(<..#...#.gg@.....#
#######..(...##.....#
......)(#####.....#
......).# #.....#
........# ###..##
....>.#.# .##
#...?.... .#
......... ##.[.....


You could see 2 goblins.

Vanquished Creatures
  An ooze (D:1)
  2 bats (D:1)
  A giant cockroach (D:1)
  A goblin (D:1)
  3 hobgoblins (D:1)
  A ball python (D:1)
  A frilled lizard (D:1)
  2 kobolds (D:1)
  A rat (D:1)
13 creatures vanquished.

Notes
Turn   | Place    | Note
-------+----------+-------------------------------------------
     0 | D:1      | inc the Felid Transmuter began the quest for the Orb.
     0 | D:1      | Reached XP level 1. HP: 9/9 MP: 4/4
    69 | D:1      | Reached XP level 2. HP: 5/13 MP: 4/6
   338 | D:1      | Slain by a goblin

Skill      XL: |  1 |
---------------+----+-----
Fighting       | 2 |  2.5
Dodging        | |  2.6
Unarmed Combat | |  3.0
Spellcasting   | |  2.0
Transmutations | |  2.1

Action                   || total
-------------------------++-------
Melee: Unarmed           ||    40
       Bite              ||     4
       Headbutt          ||     1
 Cast: Beastly Appendage ||     4
Armor: Skin              ||     5
Dodge: Dodged            ||    57
